 Dungeon Crawl Stone Soup version 0.24.0-123-gd5b16e6ec5 (webtiles) character file.

Game seed: 14204816061000132618, levelgen mode: deterministic

1272 Elellon the Cleaver (level 8, 0/68 HPs)
             Began as a Hill Orc Fighter on Jan 13, 2020.
             Slain by Menkaure (19 damage)
             ... on level 5 of the Dungeon.
             The game lasted 00:07:08 (5026 turns).

Elellon the Cleaver (Hill Orc Fighter)              Turns: 5026, Time: 00:07:09

Health: 0/68       AC: 10    Str: 21    XL:     8   Next: 53%
Magic:  8/8        EV:  8    Int:  8    God:
Gold:   354        SH:  9    Dex: 10    Spells: 7/7 levels left

rFire    + . .     SeeInvis .   a - +0 war axe
rCold    . . .     Gourm    .   c - +0 shield
rNeg     . . .     Faith    .   t - +3 ring mail {rF+}
rPois    .         Spirit   .   i - +0 helmet
rElec    .         Reflect  .   (no cloak)
rCorr    .         Harm     .   (no gloves)
MR       .....                  (no boots)
Stlth    ..........             (no amulet)
HPRegen  0.21/turn              (no ring)
MPRegen  0.11/turn              (no ring)

@: no status effects
A: no striking features
a: no special abilities


You were on level 5 of the Dungeon.
You were not hungry.

You visited 1 branch of the dungeon, and saw 6 of its levels.
You also visited: Sewer.

You collected 354 gold pieces.

Inventory:

Hand Weapons
 a - a +0 war axe (weapon)
Armour
 c - a +0 shield (worn)
 i - a +0 helmet (worn)
 t - a +3 ring mail of fire resistance (worn)
 z - a +0 pair of gloves
Jewellery
 b - an uncursed ring of ice {unknown}
 g - an uncursed amulet of the gourmand {unknown}
 x - an uncursed ring of ice {unknown}
 D - a +3 ring of evasion {unknown}
Wands
 A - a wand of random effects (14)
Scrolls
 e - 2 scrolls of remove curse {unknown}
 h - a scroll of enchant armour {unknown}
 j - 2 scrolls of immolation {unknown}
 m - 3 scrolls of teleportation {unknown}
 q - 2 scrolls of fog {unknown}
 r - 7 scrolls of identify {unknown}
 u - a scroll of enchant weapon {unknown}
 v - 2 scrolls of amnesia {unknown}
 y - a scroll of magic mapping {unknown}
 C - 2 scrolls of blinking {unknown}
Potions
 d - 2 potions of might
 k - a potion of degeneration {unknown}
 l - 3 potions of mutation {unknown}
 n - 2 potions of lignification {unknown}
 o - 2 potions of cancellation {unknown}
 p - a potion of ambrosia {unknown}
 s - 2 potions of heal wounds {unknown}
 w - a potion of curing {unknown}
 E - a potion of berserk rage {unknown}
Comestibles
 f - 12 rations


   Skills:
 + Level 5.0 Fighting
 * Level 11.4 Axes
 + Level 4.6 Armour
 + Level 4.5 Shields


You had 7 spell levels left.
You didn't know any spells.
Your spell library was empty.

Dungeon Overview and Level Annotations

Branches:
Dungeon (6/15)              Sewer (visited)
 Temple: D:4-7

Altars:
Fedhas
Nemelex Xobeh
Qazlal
Ru
Uskayaw
Wu Jian
Xom
Zin

Shops:
D:5 (   D:6 [

Annotations:
D:3 2 transporters, Xerdoz's ghost, amateur BaFE
D:5 1 runed translucent door, Crazy Yiuf; Menkaure


Message History

Menkaure is moderately damaged.
You block Menkaure's attack.
You slash Menkaure!
Menkaure is severely damaged.
Menkaure calls on the powers of darkness!
Your body is wracked with pain!
You are too injured to fight recklessly!
You are too injured to fight recklessly!
You are too injured to fight recklessly!
You are too injured to fight recklessly!
You are too injured to fight recklessly!
You hit Menkaure but do no damage.
Menkaure is severely damaged.
Menkaure calls on the powers of darkness!
Your body is wracked with pain!
* * * LOW HITPOINT WARNING * * *
You hit Menkaure but do no damage.
Menkaure is severely damaged.
Menkaure hits you!!
You die...

.......# #(..≈≈≈≈P.P..≈≈≈
.......# ##...≈≈≈≈.P♣≈≈≈≈
.......#
##########...≈≈≈≈≈≈≈≈≈≈≈
.......#
#.......###...≈≈≈≈≈≈≈≈≈.
.......# #......(#
#....≈≈≈≈≈≈≈.. .......#
#.......# ##.....≈≈≈...#
.......# #.......#
#..##.....#.# .......#
#......M# #..###.###..#
.......# #......@# ##>###.#
#.## ######## #.......#
###.##..###.# # #.......#
#...........# #
#.......###.######.####
##########.......##...#####..#
.........##'##.#.............#
########.##.##.#..####.####..#
# #.##.##....##.....##..# #
#.##.#####.#.......#..#


You could see Menkaure.

Vanquished Creatures
  Grinder (D:5)
  A water moccasin (D:5)
  A hornet zombie (D:6)
  2 ogres
  A centaur (D:4)
  2 bullfrogs (Sewer)
  A scorpion (D:4)
  2 howler monkeys
  A hound (D:5)
  A worker ant (D:4)
  Natasha (thrice) (D:4)
  10 adders
  A shadow imp (D:5)
  An ooze (D:1)
  An adder skeleton (D:4)
  3 worms (D:3)
  4 dart slugs
  9 leopard geckos
  5 orcs (D:3)
  9 bats
  15 giant cockroaches
  4 hobgoblins
  10 jackals
  2 quokkas
  2 ball pythons (Sewer)
  10 frilled lizards
  11 goblins
  A jackal skeleton (D:4)
  10 kobolds
  A leopard gecko zombie (D:5)
  A quokka skeleton (D:4)
  10 rats
136 creatures vanquished.

Vanquished Creatures (others)
  5 plants (D:3)
5 creatures vanquished.

Grand Total: 141 creatures vanquished

Notes
Turn   | Place    | Note
-------+----------+-------------------------------------------
     0 | D:1      | Elellon the Hill Orc Fighter began the quest for the Orb.
     0 | D:1      | Reached XP level 1. HP: 19/19 MP: 1/1
    68 | D:1      | Reached skill level 3 in Axes
   122 | D:1      | Reached XP level 2. HP: 26/26 MP: 2/2
   168 | D:1      | Reached skill level 4 in Axes
   342 | D:1      | Reached XP level 3. HP: 31/31 MP: 3/3
   506 | D:1      | Reached skill level 5 in Axes
   842 | D:2      | Reached XP level 4. HP: 36/39 MP: 4/4
   930 | D:2      | Reached skill level 6 in Axes
  1102 | D:2      | Found a stormy altar of Qazlal.
  1776 | D:3      | Reached XP level 5. HP: 38/45 MP: 5/5
  1796 | D:3      | Reached skill level 7 in Axes
  1876 | D:3      | Identified the +3 spear "Uhiaqailu" {venom, *Noise Str+6
                  | Int+2}
  1925 | D:3      | Found a transporter.
  1925 | D:3      | Found a transporter.
  1934 | D:3      | Noticed Xerdoz's ghost (amateur BaFE)
  2188 | D:3      | Found a sparkling altar of Nemelex Xobeh.
  2298 | D:3      | Found an ornate altar of the Wu Jian Council.
  2403 | D:4      | Reached skill level 8 in Axes
  2403 | D:4      | Reached XP level 6. HP: 38/51 MP: 6/6
  2566 | D:4      | Noticed Natasha
  2573 | D:4      | Reached skill level 9 in Axes
  2576 | D:4      | Killed Natasha
  2577 | D:4      | Found a shimmering altar of Xom.
  2577 | D:4      | Found a sacrificial altar of Ru.
  2854 | D:4      | Reached XP level 7. HP: 21/57 MP: 7/7
  3078 | D:4      | Noticed Natasha
  3083 | D:4      | Killed Natasha
  3083 | D:4      | Reached skill level 10 in Axes
  3563 | D:4      | Found a shimmering altar of Xom.
  3563 | D:4      | Found a sacrificial altar of Ru.
  3611 | D:4      | Noticed Natasha
  3618 | D:4      | Killed Natasha
  3675 | D:5      | Entered Level 5 of the Dungeon
  3783 | D:5      | Found a blossoming altar of Fedhas.
  3834 | D:5      | Found a runed translucent door.
  3835 | D:5      | Noticed Crazy Yiuf
  3875 | D:5      | Found Itwoot's Antique Weapon Emporium.
  3906 | D:5      | Noticed Grinder
  3909 | D:5      | Paralysed by Grinder for 5 turns
  3924 | D:5      | Killed Grinder
  3924 | D:5      | Reached XP level 8. HP: 54/67 MP: 8/8
  3942 | D:5      | Found a glowing drain.
  3972 | Sewer    | Entered a sewer
  4154 | Sewer    | Reached skill level 11 in Axes
  4453 | D:5      | Found a hide-covered altar of Uskayaw.
  4457 | D:5      | You fall into a shaft and drop 1 floor!
  4459 | D:6      | Found Virgho's Antique Armour Shoppe.
  4884 | D:5      | Reached skill level 5 in Fighting
  4985 | D:5      | Found a glowing silver altar of Zin.
  5016 | D:5      | Noticed Menkaure
  5026 | D:5      | Slain by Menkaure

Levels and vault maps discovered:
D:1:      dpeg_arrival_refuge, layout_loops_ring
D:2:      layout_loops_ring, old_standard_altar, serial_park_tiny_pond,
          minmay_misc_feat_iff, minmay_misc_feat_rugged, minmay_crystal_room
D:3:      layout_rooms, lemuel_coloured_pillars_altar, first_ration,
          gammafunk_ghost_gnarly_gnolls, nemelex_altar_shiori
D:4:      layout_rooms, grunt_temple_overflow_open,
          chequers_serial_rivers_marsh, uniq_natasha
D:5:      layout_basic, old_standard_altar, lemuel_crystal_altar, serial_shops,
          shop, gup_sewer_entry_glass, nrook_loot_triangle,
          fedhas_ov_isle_minmay, uniq_menkaure, uniq_grinder,
          uniq_crazy_yiuf_cottage
D:6:      layout_basic, lightli_temple_of_fire, serial_shops,
          nicolae_shop_waterfront

Skill      XL: |  1  2  3  4  5  6  7  8 |
---------------+-------------------------+-----
Axes           | 3 4 5 6 8 9 10 11 | 11.4
Fighting       | 4 5 |  5.0
Armour         | 4 |  4.6
Shields        | 4 |  4.5

Action                   |  1- 3 |  4- 6 |  7- 9 || total
-------------------------+-------+-------+-------++-------
Melee: War axe           |    99 |   205 |   141 ||   445
  Eat: Chunk             |       |     7 |     7 ||    14
Armor: Scale mail        |    49 |    23 |       ||    72
       Ring mail         |       |    81 |    45 ||   126
Dodge: Dodged            |    40 |    68 |    29 ||   137
Block: Shield            |    56 |   106 |    49 ||   211
